 Dungeon Crawl Stone Soup version 0.27.0-1-g7a089689b8 (webtiles) character file.

Game seed: 10048944542449083648

326 ZombieSheep the Sneak (level 6, -6/42 HPs)
             Began as a Gnoll Wanderer on Aug 6, 2021.
             Was a Plaything of Xom.
             Killed from afar by an orc wizard (11 damage)
             ... with a magic dart
             ... on level 3 of the Dungeon.
             The game lasted 00:07:22 (3105 turns).

ZombieSheep the Sneak (Gnoll Wanderer)              Turns: 3105, Time: 00:07:22

Health: -6/42      AC: 10    Str:  9 (12) XL:     6   Next: 49%
Magic:  11/11      EV: 11    Int: 13 (14) God:    Xom [.*....]
Gold:   60         SH:  0    Dex:  8 (10) Spells: 11/11 levels left

rFire    . . .     SeeInvis .   a - +2 short sword (protect)
rCold    . . .     Faith    .   (no shield)
rNeg     . . .     Spirit   .   f - +0 leather armour
rPois    .         Reflect  .   (no helmet)
rElec    .         Harm     .   (no cloak)
rCorr    .         Rampage  .   (no gloves)
Will     .....                  (no boots)
Stlth    +++.......             (no amulet)
HPRegen  0.14/turn              (no ring)
MPRegen  0.12/turn              (no ring)

@: under a protective aura
A: fangs 1, strong nose, distributed training, claws 1, frail 1
a: Renounce Religion


You were on level 3 of the Dungeon.
You worshipped Xom.
You were a plaything of Xom.
You visited 1 branch of the dungeon, and saw 3 of its levels.

You collected 60 gold pieces.

Inventory:

Hand Weapons
 a - a +2 short sword of protection (weapon)
 c - a +0 dagger
 e - a +0 club
Armour
 f - a +0 leather armour (worn)
Scrolls
 h - a scroll of magic mapping


   Skills:
 + Level 3.2 Fighting
 + Level 2.0 Short Blades
 + Level 2.0 Long Blades
 + Level 2.0 Axes
 + Level 2.0 Maces & Flails
 + Level 2.0 Polearms
 + Level 2.0 Staves
 + Level 2.0 Slings
 + Level 2.0 Bows
 + Level 2.0 Crossbows
 + Level 2.0 Throwing
 + Level 2.0 Armour
 + Level 2.0 Dodging
 + Level 6.3 Stealth
 + Level 2.0 Shields
 + Level 2.0 Unarmed Combat
 + Level 3.4 Spellcasting
 + Level 1.5 Conjurations
 + Level 1.5 Hexes
 + Level 1.5 Summonings
 + Level 5.6 Necromancy
 + Level 1.5 Translocations
 + Level 1.5 Transmutations
 + Level 1.5 Fire Magic
 + Level 1.5 Ice Magic
 + Level 1.5 Air Magic
 + Level 2.6 Earth Magic
 + Level 1.5 Poison Magic
 + Level 2.2 Invocations
 + Level 3.2 Evocations


You had 11 spell levels left.
You didn't know any spells.
Your spell library contained the following spells:

 Spells                   Type           Power      Damage    Failure   Level
 Sublimation of Blood     Necr           8%         N/A       4%          2
 Sandblast                Erth           18%        2d7       10%         1
 Corpse Rot               Necr/Air       N/A        N/A       10%         2
 Beastly Appendage        Tmut           12%        N/A       16%         1
 Passwall                 Tmut/Erth      5%         N/A       19%         2
 Stone Arrow              Conj/Erth      14%        3d7       36%         3
 Spider Form              Tmut/Pois      3%         N/A       43%         3
 Petrify                  Tmut/Erth      7%         N/A       77%         4


Dungeon Overview and Level Annotations

Branches:
Dungeon (3/15)

Altars:
Xom

Shops:
D:1 *


Innate Abilities, Weirdness & Mutations

You have very sharp teeth.
Your uncanny sense of smell can sniff out nearby items.
Your experience applies equally to all skills.
You have sharp fingernails.
You are frail. (-10% HP)


Message History

The orc hits you but does no damage. The orc wizard closely misses you.
You bump into the rock wall.
The jackal bites you but does no damage.
The orc hits you but does no damage.
The orc wizard hits you but does no damage.
You bump into the rock wall.
You feel less confused. The jackal closely misses you.
The orc hits you but does no damage. The jackal closely misses you.
The orc wizard closely misses you.
You closely miss the jackal.
The jackal is lightly wounded.
The jackal bites you but does no damage.
The orc misses you.
The orc wizard mumbles some strange words.
The orc wizard flickers and vanishes!
You hit the jackal.
The jackal is heavily wounded.
The jackal misses you. The orc barely misses you. The jackal barely misses you.
Something hits you.
* * * LOW HITPOINT WARNING * * *
You barely miss the jackal.
The jackal is heavily wounded.
The jackal barely misses you. The orc hits you with a +0 whip.
* * * LOW HITPOINT WARNING * * *
The giant cockroach waves its antennae.
Something hits you but does no damage.
You closely miss the jackal.
The jackal is heavily wounded.
The jackal bites you but does no damage.
The orc hits you but does no damage. Something hits you but does no damage.
You hit the jackal.
You kill the jackal!
The orc hits you but does no damage.
You hear some strange, mumbled words.
Something tries to affect you, but you resist.
You closely miss the orc. The orc barely misses you. x2
You hear some strange, mumbled words.
A magic dart appears from out of thin air!
The magic dart hits you!
You die...

######## #......#
#..>...# ###
#......# ..#
...g...# #..#
##......# ##...#
#####......# #o{o#
.<.##.....).####@#.#
...########...##o#.#
...# #...>oB#.# †..#
#.)...#.)# .###
#.)...#.## .##
##.#..(.# ..#
#......## #.#
#..##...# ..###
##..###..##


You could see 4 orcs and a giant cockroach.

Vanquished Creatures
  Sigmund (D:2)
  An orc priest (D:3)
  A gnoll (D:1)
  4 adders
  A worm (D:3)
  3 dart slugs
  3 orcs (D:3)
  4 bats
  7 endoplasms
  4 giant cockroaches
  4 goblins
  7 hobgoblins
  5 jackals
  6 kobolds
  A quokka (D:1)
  6 ball pythons
  A frilled lizard (D:1)
  8 rats
67 creatures vanquished.

Notes
Turn   | Place    | Note
-------+----------+-------------------------------------------
     0 | D:1      | ZombieSheep the Gnoll Wanderer began the quest for the Orb.
     0 | D:1      | ZombieSheep set off with the following items: a +0 club, a
                  | +0 robe, a +0 dagger; and the following spells available to
                  | memorise: Sublimation of Blood, Sandblast, Corpse Rot,
                  | Beastly Appendage, Passwall, Stone Arrow, Spider Form,
                  | Petrify
     0 | D:1      | Reached XP level 1. HP: 17/17 MP: 4/4
   285 | D:1      | Found Hareuran's General Store.
   426 | D:1      | Reached XP level 2. HP: 8/23 MP: 5/5
   712 | D:1      | Reached XP level 3. HP: 24/28 MP: 7/7
   874 | D:1      | Found a faded altar of an unknown god.
   909 | D:1      | Became a worshipper of Xom of Chaos
   968 | D:1      | Reached skill level 6 in Stealth
  1269 | D:1      | XOM: cloud trail
  1358 | D:1      | Reached skill level 1 in Invocations
  1583 | D:2      | XOM: confuse monster(s)
  1596 | D:1      | Reached skill level 1 in Short Blades
  1596 | D:1      | Reached skill level 1 in Long Blades
  1596 | D:1      | Reached skill level 1 in Axes
  1596 | D:1      | Reached skill level 1 in Maces & Flails
  1596 | D:1      | Reached skill level 1 in Polearms
  1596 | D:1      | Reached skill level 1 in Staves
  1596 | D:1      | Reached skill level 1 in Slings
  1596 | D:1      | Reached skill level 1 in Bows
  1596 | D:1      | Reached skill level 1 in Crossbows
  1596 | D:1      | Reached skill level 1 in Throwing
  1596 | D:1      | Reached skill level 1 in Armour
  1596 | D:1      | Reached skill level 1 in Dodging
  1596 | D:1      | Reached skill level 1 in Shields
  1596 | D:1      | Reached skill level 1 in Unarmed Combat
  1817 | D:2      | Reached XP level 4. HP: 23/34 MP: 8/8
  2082 | D:2      | XOM: cloud trail
  2213 | D:2      | XOM: give mutations
  2213 | D:2      | Gained mutation: Armour fits poorly on your strangely
                  | shaped body. [Xom's mischief]
  2213 | D:2      | Gained mutation: You have sharp fingernails. [Xom's
                  | mischief]
  2213 | D:2      | Lost mutation: Armour fits poorly on your strangely shaped
                  | body. [Xom's mischief]
  2213 | D:2      | Gained mutation: You are frail. (-10% HP) [Xom's mischief]
  2215 | D:2      | Reached skill level 1 in Conjurations
  2215 | D:2      | Reached skill level 1 in Hexes
  2215 | D:2      | Reached skill level 1 in Summonings
  2215 | D:2      | Reached skill level 1 in Translocations
  2215 | D:2      | Reached skill level 1 in Transmutations
  2215 | D:2      | Reached skill level 1 in Fire Magic
  2215 | D:2      | Reached skill level 1 in Ice Magic
  2215 | D:2      | Reached skill level 1 in Air Magic
  2215 | D:2      | Reached skill level 1 in Poison Magic
  2370 | D:2      | Noticed Sigmund
  2395 | D:2      | Killed Sigmund
  2396 | D:2      | Reached XP level 5. HP: 29/36 MP: 8/10
  2396 | D:2      | Reached XP level 6. HP: 33/42 MP: 8/11
  2772 | D:3      | XOM is BORED!
  2784 | D:3      | XOM: stat loss: -1 Dex (9/10)
  2994 | D:3      | XOM: 4-stop teleportation journey
  3017 | D:3      | XOM: enchant monster (good)
  3036 | D:3      | XOM: swap monsters
  3105 | D:3      | Killed from afar by an orc wizard

Illustrated notes

Levels and vault maps discovered:
D:1:      kilobyte_arrival_exit_the_forest, layout_basic, serial_shops,
          shop_fountains, hellmonk_ecumenical_altar_pennies_from_heaven,
          minivault_26
D:2:      layout_loops_ring, serial_glass, glass_columns_a, glass_columns_b,
          uniq_sigmund
D:3:      layout_rooms

Skill      XL: |  1  2  3  4  5  6 |
---------------+-------------------+-----
Earth Magic    | 2 |  2.6
Stealth        | 6 |  6.3
Invocations    | 1 2 |  2.2
Short Blades   | 1 2 |  2.0
Long Blades    | 1 2 |  2.0
Axes           | 1 2 |  2.0
Maces & Flails | 1 2 |  2.0
Polearms       | 1 2 |  2.0
Staves         | 1 2 |  2.0
Slings         | 1 2 |  2.0
Bows           | 1 2 |  2.0
Crossbows      | 1 2 |  2.0
Throwing       | 1 2 |  2.0
Armour         | 1 2 |  2.0
Dodging        | 1 2 |  2.0
Shields        | 1 2 |  2.0
Unarmed Combat | 1 2 |  2.0
Spellcasting   | 3 |  3.4
Conjurations   | 1 |  1.5
Hexes          | 1 |  1.5
Summonings     | 1 |  1.5
Translocations | 1 |  1.5
Transmutations | 1 |  1.5
Fire Magic     | 1 |  1.5
Ice Magic      | 1 |  1.5
Air Magic      | 1 |  1.5
Poison Magic   | 1 |  1.5
Fighting       | 3 |  3.2
Evocations     | 3 |  3.2
Necromancy     | |  5.6

Action                   |  1- 3 |  4- 6 || total
-------------------------+-------+-------++-------
Melee: Short sword       |    86 |   182 ||   268
       Club              |     7 |       ||     7
       Bite              |     7 |    11 ||    18
       Punch             |       |     1 ||     1
  Use: Scroll            |     3 |     1 ||     4
       Potion            |       |     6 ||     6
 Stab: Sleeping          |     2 |     9 ||    11
Armor: Robe              |    30 |    24 ||    54
       Skin              |       |     3 ||     3
       Leather armour    |       |    63 ||    63
Dodge: Dodged            |    62 |   158 ||   220
